 Dungeon Crawl Stone Soup version 0.15.2 (webtiles) character file.

39 Huymann the Skirmisher (level 3, -2/33 HPs)
             Began as a Draconian Berserker on Feb 11, 2015.
             Was a Believer of Trog.
             Killed from afar by Ijyb (8 damage)
             ... with a wand of flame
             ... on Level 2 of the Dungeon.
             The game lasted 00:04:13 (1082 turns).

Huymann the Skirmisher (Draconian Berserker)        Turns: 1082, Time: 00:04:13

HP  -2/33        AC  6     Str 19      XL: 3   Next: 28%
MP   3/3         EV 13     Int  7      God: Trog [**....]
Gold 59          SH  0     Dex 11      Spells:  0 memorised,  2 levels left

rFire  . . .     SeeInvis .     a - +0 mace
rCold  . . .     Clarity  .     (armour unavailable)
rNeg   . . .     rCorr    .     (no shield)
rPois  .         rRot     .     (helmet restricted)
rElec  .         Spirit   .     b - +0 cloak
SustAb .         Warding  .     (no gloves)
rMut   .         Stasis   .     (no boots)
Gourm  .                        (no amulet)
MR     .....                    (no ring)
                                h - ring of invisibility

@: not resistant to hostile enchantments, very unstealthy
A: unfitting armour, cold-blooded, AC +5
a: Burn Spellbooks, Berserk, Trog's Hand, Renounce Religion, Evoke Invisibility


You were on level 2 of the Dungeon.
You worshipped Trog.
Trog was pleased with you.
You were hungry.

You visited 1 branch of the dungeon, and saw 2 of its levels.

You collected 59 gold pieces.

Inventory:

Hand weapons
 a - a +0 mace (weapon)
Missiles
 d - 7 poisoned needles
Armour
 b - a +0 cloak (worn)
Comestibles
 c - 2 bread rations
 f - 3 meat rations
 i - a beef jerky
 p - a rotting chunk of bat flesh
 q - a chunk of goblin flesh
Scrolls
 k - 3 scrolls of identify
 l - a scroll of remove curse {unknown}
 o - a scroll of random uselessness {unknown}
 r - a scroll of immolation {unknown}
Jewellery
 h - a ring of invisibility (left hand)
Potions
 e - a potion of flight {unknown}
 g - a potion of curing
 j - a potion of poison {unknown}
 m - a potion of degeneration {unknown}
 n - a potion of magic {unknown}


   Skills:
 * Level 3.7 Fighting
 * Level 3.4 Maces & Flails
 * Level 3.2 Dodging
 * Level 0.6 Stealth


You had 2 spell levels left.
You didn't know any spells.

Dungeon Overview and Level Annotations

Branches:
Dungeon (2/15)

Altars:
Xom
Zin

Annotations:
D:2 Ijyb


Innate Abilities, Weirdness & Mutations

Your plain brown scales are hard (AC +5).
Your body does not fit into most forms of armour.
Your cold-blooded metabolism reacts poorly to cold.


Message History

r - a scroll labeled QIOWEU QEEF You start resting.
HP restored.
Ijyb the Twisted Goblin comes into view.
Ijyb shouts!
Ijyb zaps a wand.
The puff of flame hits you!
Ijyb zaps a wand.
The puff of flame hits you!
You are feeling hungry.
Ijyb zaps a wand.
The puff of flame hits you!
* * * LOW HITPOINT WARNING * * *
Ijyb zaps a wand.
The puff of flame hits you!
* * * LOW HITPOINT WARNING * * *
Found a stone staircase leading down.
You closely miss Ijyb.
Your tail-slap misses Ijyb.
Ijyb hits you but does no damage.
Drink which item? (? for menu, Esc to quit)
You feel better.
Ijyb zaps a wand.
The puff of flame hits you!
* * * LOW HITPOINT WARNING * * *
You hit Ijyb but do no damage.
Ijyb zaps a wand.
The puff of flame hits you!
You die...

#######> ##.. ...
#...... .#####..#.#
........g..# #.@####.#
#.......# #...#####
#...# # .### #...# .##
... #...# ... #
#.#####...##### .##
#.##..............#
.##..#.................


You could see Ijyb.

Vanquished Creatures
  An adder (D:2)
  A worm (D:2)
  A giant gecko (D:1)
  A ball python (D:1)
  A giant cockroach (D:1)
  2 goblins (D:2)
  4 hobgoblins (D:1)
  3 kobolds (D:1)
  5 bats (D:1)
  2 giant newts (D:1)
  2 rats (D:1)
23 creatures vanquished.

Notes
Turn   | Place    | Note
--------------------------------------------------------------
     0 | D:1      | Huymann, the Draconian Berserker, began the quest for the Orb.
     0 | D:1      | Reached XP level 1. HP: 19/19 MP: 1/1
   189 | D:1      | Reached XP level 2. HP: 24/26 MP: 2/2
   891 | D:2      | Found a shimmering altar of Xom.
   916 | D:2      | Found a glowing silver altar of Zin.
   927 | D:2      | Reached XP level 3. HP: 33/33 MP: 3/3
   964 | D:2      | Acquired Trog's second power
  1074 | D:2      | Noticed Ijyb
  1082 | D:2      | Killed from afar by Ijyb

Action                   || total
-------------------------++-------
Melee: Mace              ||    62
Invok: Berserk           ||     1
  Use: Scroll            ||     3
       Potion            ||     1
  Eat: Chunk             ||     1
